 Dungeon Crawl Stone Soup version 0.31-a0-263-ge8cad7f256 (webtiles) character file.

Game seed: 3355553562738677824

840 Shard1697 the Caller (level 7, 0/50 HPs)
             Began as a Purple Draconian Summoner on July 13, 2023.
             Was a Follower of Sif Muna.
             Slain by a two-headed ogre
             ... wielding a +0 giant club
              (9 damage)
             ... on level 5 of the Dungeon.
             The game lasted 00:09:44 (5358 turns).

Shard1697 the Caller (Purple Draconian Summoner)    Turns: 5358, Time: 00:09:45

Health: 0/50       AC:  6    Str: 10    XL:     7   Next: 67%
Magic:  7/14       EV: 12    Int: 18    God:    Sif Muna [*.....]
Gold:   20         SH:  0    Dex: 11    Spells: 6/15 levels left

rFire   . . .        a - +4 trident (heavy)
rCold   . . .        (no shield)
rNeg    . . .        (body armour unavailable)
rPois   .            (helmet restricted)
rElec   .            (no cloak)
rCorr   .            (no gloves)
SInv    .            (no boots)
Will    ++...        (no amulet)
Stlth   ++           (no ring)
HPRegen 0.28/turn    (no ring)
MPRegen 0.14/turn

%: no passive effects
@: enlightened, flying
A: breathe power, AC +6, unfitting armour, cold-blooded
a: Breathe Dispelling Energy, Renounce Religion, Channel Magic


You were on level 5 of the Dungeon.
You worshipped Sif Muna.
Sif Muna was aware of your devotion.
You visited 1 branch of the dungeon, and saw 5 of its levels.

You collected 253 gold pieces.
You spent 233 gold pieces at shops.

Inventory:

Hand Weapons
 a - a +4 heavy trident (weapon)
 j - a +1 long sword
Scrolls
 b - 3 scrolls of teleportation
 d - 3 scrolls of identify
 h - a scroll of revelation
 i - a scroll of enchant weapon
Potions
 c - a potion of enlightenment
 e - 2 potions of ambrosia
 f - a potion of haste {unknown}
 g - 2 potions of cancellation {unknown}
 k - a potion of brilliance {unknown}
 l - 2 potions of magic
 m - 3 potions of curing


   Skills:
 - Level 2.4 Dodging
 - Level 2.6 Stealth
 - Level 4.8 Spellcasting
 + Level 7.0 Summonings
 + Level 4.1 Air Magic


You had 6 spell levels left.
You knew the following spells:

 Your Spells              Type           Power      Damage    Failure   Level
c - Call Canine Familiar  Summ           29%        N/A       2%          3
e - Summon Lightning Spi  Summ/Air       24%        N/A       14%         4
t - Call Imp              Summ           58%        N/A       1%          2

Your spell library contained the following spells:

 Spells                   Type           Power      Damage    Failure   Level
 Summon Small Mammal      Summ           100%       N/A       1%          1
 Summon Guardian Golem    Hex/Summ       17%        N/A       10%         3


Dungeon Overview and Level Annotations

Branches:
Dungeon (5/15)             Temple (0/1) D:4

Altars:
Ashenzari
Cheibriados
Makhleb
Nemelex Xobeh
Sif Muna
Uskayaw
Yredelemnul
Zin
The Shining One

Shops:
D:4 ?

Annotations:
D:4 Pikel


Innate Abilities, Weirdness & Mutations

You can breathe bolts of dispelling energy.
Your rich purple scales are hard. (AC +6)
You cannot fit into any form of body armour.
You are cold-blooded and may be slowed by cold attacks.


Message History

The water moccasin barely misses you.
Your hound barely misses the water moccasin.
Okay, then.
It was a potion of enlightenment.
You feel very buoyant.
You fly up into the air.
The water moccasin bites you.
Your hound bites the water moccasin.
The two-headed ogre hits you with a +0 giant club.
The two-headed ogre closely misses you. The water moccasin bites you.
Your lightning spire shoots out a bolt of lightning at the water moccasin!
The bolt of electricity hits the water moccasin.
You hit the two-headed ogre.
The two-headed ogre is lightly wounded.
Your hound bites the water moccasin.
The water moccasin bites you but does no damage.
Your hound bites the water moccasin.
The water moccasin bites you. The two-headed ogre barely misses you.
The two-headed ogre hits you with a +0 giant spiked club!
Your hound closely misses the water moccasin.
You puncture the water moccasin!
The water moccasin is almost dead.
The water moccasin misses you.
Your hound bites the water moccasin.
The water moccasin barely misses your hound.
Your hound bites the water moccasin.
The water moccasin dies!
Sif Muna accepts your kill.
The two-headed ogre hits you with a +0 giant club!
* * * LOW HITPOINT WARNING * * *
The two-headed ogre barely misses you.
Your lightning spire shoots out a bolt of lightning at the two-headed ogre!
The bolt of electricity hits the two-headed ogre!
Your Summonings skill increases to level 7!
Your Air Magic skill increases to level 4!
You impale the two-headed ogre!!
The two-headed ogre is heavily wounded.
Your hound barely misses the two-headed ogre.
The two-headed ogre hits you with a +0 giant club.
* * * LOW HITPOINT WARNING * * *
The two-headed ogre hits you with a +0 giant spiked club!
You die...

#.#.#...##........ # #
##.#. ##.#.....##.##.# .#
.# #.###.#.
#...>...<......# .##.#
###....... #.#.###.###.####
.#..#.......#.#. #..##
#..##.#####..............#.
#.##
#.#.#......................
#..##
#..#######...#.##.####..##.
#.#.###.#
######...###..###...##.
#.......#
#.....@h........##..##.
#.....###
#.....O8..#.....#......
.......#
#............_..'......
.......#
#.....#..#......#.)....
.......# #.....
..#......##..##. #.....##
###### ..#..#..# #..##.
##...## ..## #.# #...#.
##.## ... .. ...... ##.##
.. ....##.


You could see a two-headed ogre (ally target), a friendly lightning spire
(summoned) and a friendly hound (summoned).

Vanquished Creatures
  Eustachio (D:5)
  2 scorpions
  5 adders
  5 gnolls
  An ufetubus (D:4)
  2 worms
  2 dart slugs
  5 bats
  8 endoplasms
  4 giant cockroaches
  2 hobgoblins (D:1)
  7 kobolds
  3 quokkas
  2 ball pythons
  A frilled lizard (D:3)
  3 goblins
  A goblin zombie (D:5)
  2 hobgoblin zombies (D:5)
  2 kobold skeletons (D:5)
  2 kobold zombies (D:5)
  4 rats
64 creatures vanquished.

Vanquished Creatures (collateral kills)
  A water moccasin (D:5)
  A black bear (D:5)
  A gnoll sergeant (D:5)
  A hound (D:5)
  An iron imp (D:5)
  Terence (D:2)
  6 gnolls
  An adder (D:3)
  2 orcs (D:5)
  A bat (D:1)
  2 endoplasms
  2 goblins (D:1)
  A frilled lizard (D:3)
  A goblin skeleton (D:5)
  3 kobolds
  An orc skeleton (D:5)
26 creatures vanquished.

Grand Total: 90 creatures vanquished

Notes
Turn   | Place    | Note
-------+----------+-------------------------------------------
     0 | D:1      | Shard1697 the Draconian Summoner began the quest for the
                  | Orb.
     0 | D:1      | Reached XP level 1. HP: 14/14 MP: 3/3
   140 | D:1      | Reached XP level 2. HP: 20/20 MP: 3/5
   154 | D:1      | Learned a level 2 spell: Call Imp
   923 | D:1      | Reached XP level 3. HP: 26/26 MP: 6/6
  1075 | D:1      | Learned a level 3 spell: Call Canine Familiar
  1367 | D:2      | Found a shimmering blue altar of Sif Muna.
  1371 | D:2      | Noticed Terence
  1385 | D:2      | Killed Terence
  1453 | D:2      | Became a worshipper of Sif Muna the Loreminder
  1467 | D:2      | Reached XP level 4. HP: 32/33 MP: 7/7
  2614 | D:3      | Reached XP level 5. HP: 21/38 MP: 6/9
  2711 | D:3      | Found a broken altar of Ashenzari.
  2726 | D:3      | Found a basalt altar of Yredelemnul.
  2774 | D:3      | Reached skill level 5 in Summonings
  2777 | D:3      | Reached * piety under Sif Muna
  3144 | D:4      | Noticed Pikel
  3144 | D:4      | Noticed a lemure
  3145 | D:4      | Noticed a lemure
  3145 | D:4      | Noticed a lemure
  3425 | D:4      | Found a sparkling altar of Nemelex Xobeh.
  3574 | D:4      | Found a staircase to the Ecumenical Temple.
  3596 | D:4      | Noticed a lemure
  3725 | D:4      | Found a shimmering blue altar of Sif Muna.
  3773 | D:4      | Found a glowing silver altar of Zin.
  3974 | D:4      | Found Ekixio's Magic Scroll Emporium.
  3980 | D:4      | Bought a scroll of revelation for 97 gold pieces
  3980 | D:4      | Bought a scroll of enchant weapon for 97 gold pieces
  3980 | D:4      | Bought a scroll of teleportation for 39 gold pieces
  4032 | D:4      | Reached XP level 6. HP: 41/45 MP: 9/12
  4037 | D:4      | Learned a level 4 spell: Summon Lightning Spire
  4376 | D:5      | Entered Level 5 of the Dungeon
  4431 | D:5      | Reached skill level 1 in Air Magic
  4480 | D:5      | Noticed Eustachio
  4668 | D:5      | Killed Eustachio
  4669 | D:5      | Reached skill level 6 in Summonings
  4771 | D:5      | Found a glowing golden altar of the Shining One.
  4776 | D:5      | Your scales start taking on a rich purple colour.
  4776 | D:5      | Reached XP level 7. HP: 48/50 MP: 14/14
  4821 | D:5      | Found a hide-covered altar of Uskayaw.
  5041 | D:5      | Found a snail-covered altar of Cheibriados.
  5049 | D:5      | Found a burning altar of Makhleb.
  5058 | D:5      | Noticed a two-headed ogre
  5358 | D:5      | Reached skill level 7 in Summonings
  5358 | D:5      | Slain by a two-headed ogre

Illustrated notes

Levels and vault maps discovered:
D:1:      psy_arrival_radial01, layout_basic
D:2:      layout_loops_ring, serial_glass, glass_columns_a, glass_columns_a,
          basic_altar, uniq_terence
D:3:      layout_basic, mainiacjoe_overflow_boulevard, old_standard_altar
D:4:      layout_basic, led_sif_book, zin_scriptorium,
          nemelex_spade_bored_becter, minmay_temple_entry_waves, serial_shops,
          nicolae_shop_stone, uniq_pikel
D:5:      layout_loops_cross, nicolae_tso_besieged_by_evil,
          grunt_temple_overflow_open, minmay_manual_moon, uniq_eustachio

Skill      XL: |  1  2  3  4  5  6  7 |
---------------+----------------------+-----
Dodging        | 2 |  2.4
Stealth        | 2 |  2.6
Spellcasting   | 3 4 |  4.8
Summonings     | 5 6 7 |  7.0
Air Magic      | 2 4 |  4.1

Action                     |  1- 3 |  4- 6 |  7- 9 || total
---------------------------+-------+-------+-------++-------
  Melee: Unarmed           |    21 |       |       ||    21
         Club              |    14 |       |       ||    14
         Tailslap          |    15 |    18 |     5 ||    38
         Spear             |    99 |       |       ||    99
         Long sword        |       |   176 |    28 ||   204
         Punch             |       |     1 |     1 ||     2
         Trident           |       |       |    17 ||    17
   Cast: Summon Small Mamm |     8 |       |       ||     8
         Call Imp          |     2 |    17 |     4 ||    23
         Call Canine Famil |       |     4 |     3 ||     7
         Summon Lightning  |       |       |     1 ||     1
    Use: Scroll            |       |    10 |       ||    10
         Potion            |       |       |     1 ||     1
   Stab: Sleeping          |     6 |     4 |     1 ||    11
         Distracted        |     1 |     1 |       ||     2
 Armour: Skin              |    37 |    99 |    25 ||   161
  Dodge: Dodged            |    85 |   178 |    60 ||   323

Table legend: (Time is in decaauts)
 A = Elapsed time spent in this place.
 B = Non-inter-level travel time spent in this place.
 C = Inter-level travel time spent in this place.
 D = Time resting spent in this place.
 E = Time spent auto-exploring this place.
 F = Levels seen in this place.
 G = Mean time per level.
                   A        B        C        D        E       F      G
               +--------+--------+--------+--------+--------+-----+--------+
         Total |   5480 |   5247 |    233 |    952 |   3108 |   5 | 1096.0 |
       Dungeon |   5480 |   5247 |    233 |    952 |   3108 |   5 | 1096.0 |
               +--------+--------+--------+--------+--------+-----+--------+

Top non-repeatable levels by time:
     D:4: 1436 daAuts
     D:3: 1262 daAuts
     D:1: 1186 daAuts
     D:2: 844 daAuts
     D:5: 750 daAuts
